 Dungeon Crawl Stone Soup version 0.28.0 (webtiles) character file.

Game seed: 2323194966189444743

7 croobank the Sneak (level 1, 0/10 HPs)
             Began as a Felid Delver on Feb 16, 2022.
             Slain by a quokka (4 damage)
             ... on level 1 of the Dungeon.
             The game lasted 00:03:25 (730 turns).

croobank the Sneak (Felid Delver)                    Turns: 730, Time: 00:03:25

Health: 0/10       AC:  1    Str:  8    XL:     1   Next: 83%
Magic:  2/2        EV: 17    Int: 11    God:
Gold:   1          SH:  0    Dex: 17    Spells: 0/0 levels left
                                        Lives:  0   Deaths: 0

rFire   . . .      SeeInvis +     - Unarmed
rCold   . . .      Faith    .   (shield unavailable)
rNeg    . . .      Spirit   .   (armour unavailable)
rPois   .          Reflect  .   (helmet unavailable)
rElec   .          Harm     .   (cloak unavailable)
rCorr   .          Rampage  .   (gloves unavailable)
Will    .....                   (boots unavailable)
Stlth   ++++......              (no amulet)
HPRegen 0.03/turn               (no ring)
MPRegen 0.08/turn               (no ring)

@: quick
A: very small, claws 1, fangs 3, see invisible, speed 1, shaggy fur 1, stealthy
paws, no weapons or thrown items, no armour, multi-lived
a: no special abilities


You were on level 1 of the Dungeon.
You visited 1 branch of the dungeon, and saw 5 of its levels.

You collected 1 gold pieces.

Inventory:

Jewellery
 h - a ring of fire
Wands
 e - a wand of digging (3)
Scrolls
 a - a scroll of fog
 b - a scroll of torment {unknown}
 f - 2 scrolls of identify {unknown}
Potions
 d - a potion of haste
 g - a potion of heal wounds {unknown}


   Skills:
 + Level 3.1 Fighting
 + Level 2.9 Dodging
 + Level 6.7 Stealth
 + Level 2.1 Unarmed Combat


You couldn't memorise any spells.
You didn't know any spells.
Your spell library contained the following spells:

 Spells                   Type           Power      Damage    Failure   Level
 Summon Small Mammal      Summ           0%         N/A       34%         1
 Call Canine Familiar     Summ           0%         N/A       71%         3
 Ozocubu's Armour         Ice            0%         N/A       71%         3
 Summon Guardian Golem    Hex/Summ       0%         N/A       71%         3
 Metabolic Englaciation   Hex/Ice        0%         N/A       100%        5
 Simulacrum               Ice/Necr       0%         N/A       100%        6


Dungeon Overview and Level Annotations

Branches:
Dungeon (5/15)
 Temple: D:4-7

Altars:

Annotations:
D:5 Prince Ribbit


Innate Abilities, Weirdness & Mutations

You have sharp claws.
You have razor-sharp teeth.
You have supernaturally acute eyesight. (SInv)
You cover ground quickly. (Speed+)
You are covered in fur. (AC +1)
Your paws help you pounce on unaware monsters.
You are incapable of wielding weapons or throwing items.
You cannot wear armour.
You gain extra lives every three experience levels.


Message History

The kobold shouts!
The ball python hisses angrily.
A dart slug comes into view.
The kobold shouts!
The kobold throws a stone.
The stone barely misses you.
Found a steel ring.
Found an escape hatch in the floor.
The kobold throws a stone.
The stone hits you but does no damage.
You see here a ring of fire.
h - a ring of fire You barely miss the ball python.
The ball python barely misses you. The ball python closely misses you.
You barely miss the ball python. The ball python closely misses you.
The ball python barely misses you.
You barely miss the ball python. The ball python closely misses you. x2
You completely miss the ball python. The ball python misses you.
The ball python grabs you. The ball python constricts you.
You scratch the ball python.
The ball python is moderately wounded.
The ball python barely misses you. The ball python constricts you.
You closely miss the kobold. The ball python closely misses you.
The ball python constricts you. The kobold misses you.
The ball python barely misses you. The ball python constricts you.
You miss the kobold. The kobold barely misses you. The ball python bites you.
The ball python constricts you.
You closely miss the kobold. The kobold closely misses you.
The ball python misses you. The ball python constricts you.
As you read the scroll of fear, it crumbles to dust.
You assume a fearsome visage.
The kobold looks frightened!
The ball python looks frightened!
The ball python loses its grip on you.
Found a mace.
A quokka comes into view.
A quokka is nearby!
A quokka is nearby! 2 jackals come into view.
Found a scroll labelled LIOQOPS ZUAPT.
A rat comes into view.
Found 12 gold pieces.
The quokka closely misses you.
You scratch the quokka but do no damage.
The quokka bites you.
You die...

.......(.... #. ... ..
............ #.###$.##.#
#...........
#.........####.........#
#............J..........
#..........#....##....#.
..........#.. #....#.
...r..r...#.# ##K...K.
#......@..#)# ###..##...
#######.....###....##..#
#.....#..###....###.##
#.###....# #.#.## .#
....?..#.####.#.###
h.h.####.##>..#.... ..#
#..##.###.K# .
#.##.......#
#..........#


You could see a quokka and a rat (asleep).

Vanquished Creatures
  A worm (D:2)
  A kobold (D:3)
  2 frilled lizards
  A rat (D:2)
5 creatures vanquished.

Notes
Turn   | Place    | Note
-------+----------+-------------------------------------------
     0 | D:5      | croobank the Felid Delver began the quest for the Orb.
     0 | D:5      | Reached XP level 1. HP: 10/10 MP: 2/2
    47 | D:5      | Noticed a jelly
    55 | D:5      | Noticed Prince Ribbit
   370 | D:4      | Noticed a hound
   370 | D:4      | Noticed a jelly
   730 | D:1      | Slain by a quokka

Illustrated notes

Levels and vault maps discovered:
D:1:      dpeg_arrival_fog, layout_rooms,
          dreamdust_ecumenical_altar_sealed_demon
D:2:      layout_basic, grunt_decor_arrowhead
D:3:      layout_basic
D:4:      layout_loops_cross, nrook_loot_triangle
D:5:      layout_gridville, uniq_prince_ribbit1

Action                   || total
-------------------------++-------
Melee: Unarmed           ||    23
       Bite              ||     4
  Use: Scroll            ||     2
       Potion            ||     1
 Stab: Sleeping          ||     2
Armor: Skin              ||     1
Dodge: Dodged            ||    27
